 Dungeon Crawl Stone Soup version 0.22.1-1-ga44c0e5 (webtiles) character file.

241 dvd the Firebug (level 6, -3/37 HPs)
             Began as an Octopode Fire Elementalist on Oct 22, 2018.
             Slain by a hound (4 damage)
             ... on level 4 of the Dungeon.
             The game lasted 00:07:35 (3578 turns).

dvd the Firebug (Octopode Fire Elementalist)        Turns: 3578, Time: 00:07:36

Health: -3/37      AC:  1    Str:  7    XL:     6   Next: 8%
Magic:  2/11       EV: 13    Int: 20    God:
Gold:   162        SH:  0    Dex: 12    Spells: 4/11 levels left

rFire    . . .     SeeInvis .   e - -1 whip (curse)
rCold    . . .     Gourm    .   (no shield)
rNeg     . . .     Faith    .   (helmet restricted)
rPois    +         Spirit   .   (no amulet)
rElec    .         Reflect  .   d - ring of poison resistance
rCorr    .         Harm     .   (no ring)
MR       .....                  (no ring)
Stlth    +++.......             (no ring)
HPRegen  0.12/turn              (no ring)
MPRegen  0.12/turn              (no ring)
                                (no ring)
                                (no ring)

@: no status effects
A: almost no armour, stealthy swim, amphibious, 8 rings, constrict 8, camouflage
1, gelatinous body 1
a: no special abilities


You were on level 4 of the Dungeon.
You were hungry.

You visited 1 branch of the dungeon, and saw 4 of its levels.

You collected 162 gold pieces.

Inventory:

Hand Weapons
 c - a +0 short sword
 e - a cursed -1 whip (weapon)
 l - a +0 falchion
 n - a +0 rapier
Jewellery
 d - a ring of poison resistance (left tentacle)
Scrolls
 a - a scroll of teleportation {unknown}
 i - a scroll of enchant weapon {unknown}
Potions
 f - a potion of haste {unknown}
 g - a potion of curing
 h - 2 potions of lignification {unknown}
 j - a potion of agility {unknown}
 m - a potion of berserk rage {unknown}
Comestibles
 b - 10 rations


   Skills:
 + Level 0.5 Fighting
 + Level 1.0 Short Blades
 + Level 0.1(0.6) Long Blades
 + Level 0.1 Maces & Flails
 + Level 2.2 Dodging
 + Level 3.4 Stealth
 + Level 3.4 Spellcasting
 + Level 2.6 Conjurations
 + Level 4.4 Fire Magic


You had 4 spell levels left.
You knew the following spells:

 Your Spells              Type           Power        Failure   Level  Hunger
a - Flame Tongue          Conj/Fire      ###..        3%          1    None
b - Throw Flame           Conj/Fire      ###...       4%          2    ##.....
c - Sticky Flame          Conj/Fire      ###.....     32%         4    ####...

Your spell library contained the following spells:

 Spells                   Type           Power        Failure   Level  Hunger
 Conjure Flame            Conj/Fire      ###.....     10%         3    ###....
 Inner Flame              Hex/Fire       ##......     17%         3    ###....
 Fireball                 Conj/Fire      ###.......   65%         5    ######.


Dungeon Overview and Level Annotations

Branches:
Dungeon (4/15)
 Temple: D:4-7

Altars:


Innate Abilities, Weirdness & Mutations

You cannot wear most types of armour.
You are very stealthy in the water. (Stealth+)
You are amphibious.
You can wear up to eight rings at the same time.
You can use your tentacles to constrict eight enemies at once.
Your skin changes colour to match your surroundings (Stealth+).
Your rubbery body absorbs attacks. (AC +1, EV +1)


Message History

Casting: Flame Tongue (safe; 3% risk of failure)
Confirm with . or Enter, or press ? or * to list all spells.
Aiming: Flame Tongue (safe; 3% risk of failure)
Press: ? - help, Shift-Dir - straight line, f/p - hound
Aim: a hound (almost dead)
The flame tongue misses the hound.
The flame tongue hits the scorpion.
The scorpion is moderately wounded.
The hound bites you.
* * * LOW HITPOINT WARNING * * *
The hound bites you.
* * * LOW HITPOINT WARNING * * *
Casting: Flame Tongue (safe; 3% risk of failure)
Confirm with . or Enter, or press ? or * to list all spells.
Aiming: Flame Tongue (safe; 3% risk of failure)
Press: ? - help, Shift-Dir - straight line, f/p - hound
Aim: a hound (almost dead)
The flame tongue hits the hound.
The hound is almost dead.
The hound bites you.
You die...

### ##.##
##.#.##
##.#####.###.##
#...sh@.## ##.#
#..#####.###.##
#. ###...##
#.)...# #.#...#
#.##### #.# #.#
#.#######


You could see a scorpion and a hound.

Vanquished Creatures
  A scorpion (D:4)
  A centaur skeleton (D:4)
  2 gnolls (D:4)
  7 adders (D:2)
  A worm (D:2)
  3 dart slugs
  2 leopard geckos (D:3)
  5 orcs (D:3)
  3 giant cockroaches
  6 goblins
  8 hobgoblins
  7 jackals
  2 quokkas (D:2)
  2 bats (D:2)
  3 frilled lizards
  6 kobolds
  6 rats
65 creatures vanquished.

Notes
Turn   | Place    | Note
-------+----------+-------------------------------------------
     0 | D:1      | dvd the Octopode Fire Elementalist began the quest for the
                  | Orb.
     0 | D:1      | Reached XP level 1. HP: 11/11 MP: 3/3
   183 | D:1      | Reached XP level 2. HP: 17/17 MP: 0/5
   633 | D:1      | Learned a level 2 spell: Throw Flame
   723 | D:1      | Reached XP level 3. HP: 21/21 MP: 3/6
  1326 | D:2      | Reached XP level 4. HP: 22/27 MP: 0/8
  1821 | D:2      | Learned a level 4 spell: Sticky Flame
  1995 | D:2      | Reached skill level 4 in Fire Magic
  2352 | D:3      | Reached XP level 5. HP: 31/31 MP: 3/9
  3118 | D:3      | Found a faded altar of an unknown god.
  3429 | D:4      | Reached skill level 1 in Short Blades
  3574 | D:4      | Reached XP level 6. HP: 13/37 MP: 4/11
  3577 | D:4      | HP: 1/37 [hound (1)]
  3578 | D:4      | Slain by a hound

Skill      XL: |  1  2  3  4  5 |
---------------+----------------+-----
Stealth        | 3 |  3.4
Fire Magic     | 4 |  4.4
Spellcasting   | 3 |  3.4
Conjurations   | 2 |  2.6
Short Blades   | 1 |  1.0
Fighting       | |  0.5
Long Blades    | |  0.1
Maces & Flails | |  0.1
Dodging        | |  2.2

Action                   |  1- 3 |  4- 6 || total
-------------------------+-------+-------++-------
Melee: Unarmed           |     2 |       ||     2
       Short sword       |    11 |    15 ||    26
       Tentacles         |     4 |     6 ||    10
       Constrict         |     5 |     8 ||    13
       Rapier            |       |    13 ||    13
       Whip              |       |     3 ||     3
       Falchion          |       |     2 ||     2
 Cast: Flame Tongue      |    36 |    53 ||    89
       Throw Flame       |     3 |    19 ||    22
  Use: Scroll            |       |     3 ||     3
       Potion            |       |     1 ||     1
 Stab: Sleeping          |     5 |     3 ||     8
  Eat: Chunk             |     2 |     7 ||     9
Armor: Skin              |     2 |     4 ||     6
Dodge: Dodged            |    14 |    34 ||    48
